 Dungeon Crawl Stone Soup version 0.25-a0-10-g2fe12d4386 (webtiles) character file.

Game seed: 209242027337797507, levelgen mode: deterministic

10677 MrRokkomies the Carver (level 11, -8/90 HPs)
             Began as a Vampire Gladiator on Oct 15, 2019.
             Was a Priest of Kikubaaqudgha.
             Mangled by a seven-headed hydra (11 damage)
             ... on level 1 of the Lair of Beasts.
             The game lasted 00:20:03 (7939 turns).

MrRokkomies the Carver (Vampire Gladiator)          Turns: 7939, Time: 00:20:03

Health: -8/90      AC:  8    Str: 15    XL:     11   Next: 39%
Magic:  5/11       EV: 13    Int: 13    God:    Kikubaaqudgha [***...]
Gold:   690        SH:  0    Dex: 15    Spells: 1/10 levels left

rFire    + . .     SeeInvis +   t - +0 scimitar (flame)
rCold    + . .     Gourm    .   (no shield)
rNeg     . . .     Faith    .   d - +2 robe {rC+ rF+}
rPois    +         Spirit   .   c - +1 helmet
rElec    .         Reflect  .   (no cloak)
rCorr    .         Harm     .   L - +0 pair of gloves
MR       +....                  m - +0 pair of boots
Stlth    +.........             u - amulet of regeneration
HPRegen  0.85/turn              j - ring of poison resistance
MPRegen  0.12/turn              (no ring)

@: regenerating quickly, hasted, very quick
A: no food, fangs 3, see invisible, unbreathing
a: Exsanguinate, Receive Corpses, Renounce Religion


You were on level 1 of the Lair of Beasts.
You worshipped Kikubaaqudgha.
Kikubaaqudgha was most pleased with you.
You were alive.

You visited 3 branches of the dungeon, and saw 14 of its levels.
You also visited: Sewer.

You collected 690 gold pieces.

Inventory:

Hand Weapons
 a - the +12 dagger of Guolixt {flame, +Rage}
   (You found it on level 4 of the Dungeon)

   It has been specially enchanted to burn those struck by it, causing extra
   injury to most foes and up to half again as much damage against particularly
   susceptible opponents.
   It lets you go berserk.
 o - a +2 dagger of venom
 t - a +0 scimitar of flaming (weapon)
Missiles
 b - 27 sling bullets
 g - 4 boomerangs of dispersal
 k - 67 poisoned darts
 l - 11 boomerangs (quivered)
Armour
 c - a +1 helmet (worn)
 d - a +2 robe of resistance (worn)
 m - a +0 pair of boots (worn)
 p - a +3 scale mail of cold resistance
 L - a +0 pair of gloves (worn)
Magical Staves
 z - an uncursed staff of power
Jewellery
 j - a ring of poison resistance (left hand)
 u - an amulet of regeneration (around neck)
Wands
 s - a wand of random effects (20)
 A - a wand of clouds (15)
 J - a wand of paralysis (11)
 K - a wand of enslavement (8)
Scrolls
 q - 3 scrolls of fog
 v - 2 scrolls of remove curse
 y - 3 scrolls of magic mapping
 B - 2 scrolls of enchant weapon
 C - 4 scrolls of teleportation
 D - 2 scrolls of fear
 F - a scroll of blinking
 G - a scroll of enchant armour
 H - a scroll of vulnerability {unknown}
Potions
 e - a potion of experience {unknown}
 f - 2 potions of might
 h - 5 potions of flight
 i - 4 potions of curing
 n - a potion of berserk rage {unknown}
 r - 3 potions of cancellation
 w - a potion of ambrosia {unknown}
 x - a potion of brilliance {unknown}
 E - 2 potions of heal wounds {unknown}
 I - a potion of haste


   Skills:
 - Level 10.1 Fighting
 * Level 12.6 Long Blades
 - Level 1.5 Throwing
 - Level 3.2 Dodging
 * Level 7.9 Necromancy


You had one spell level left.
You knew the following spells:

 Your Spells              Type           Power        Failure   Level  Hunger
a - Corpse Rot            Necr           N/A          1%          2    N/A
b - Animate Dead          Necr           N/A          12%         4    N/A
c - Regeneration          Chrm/Necr      ##........   19%         3    N/A

Your spell library contained the following spells:

 Spells                   Type           Power        Failure   Level  Hunger
 Pain                     Necr           ###.         1%          1    N/A
 Infusion                 Chrm           #...         30%         1    N/A
 Sandblast                Erth           #.....       30%         1    N/A
 Sublimation of Blood     Necr           ###.......   1%          2    N/A
 Dispel Undead            Necr           ###.....     32%         5    N/A
 Passwall                 Tmut/Erth      #.......     43%         2    N/A
 Shroud of Golubria       Chrm/Tloc      #.....       43%         2    N/A
 Song of Slaying          Chrm           #.......     43%         2    N/A
 Spectral Weapon          Hex/Chrm       #.......     67%         3    N/A
 Stone Arrow              Conj/Erth      #.....       67%         3    N/A
 Bolt of Draining         Conj/Necr      ##........   86%         5    N/A
 Borgnjor's Vile Clutch   Necr/Erth      ##........   86%         5    N/A
 Death Channel            Necr           ###.......   88%         6    N/A
 Petrify                  Tmut/Erth      #.......     97%         4    N/A
 Lee's Rapid Deconstruct  Erth           #.........   100%        5    N/A

Dungeon Overview and Level Annotations

Branches:
Dungeon (12/15)            Temple (1/1) D:7            Lair (1/6) D:8
    Orc (0/2) D:10          Sewer (visited)

Altars:
Ashenzari
Cheibriados
Dithmenos
Elyvilon
Fedhas
Gozag
Hepliaklqana
Kikubaaqudgha
Makhleb
Nemelex Xobeh
Okawaru
Qazlal
Ru
Sif Muna
Trog
Uskayaw
Vehumet
Wu Jian
Xom
Yredelemnul
Zin
The Shining One


Innate Abilities, Weirdness & Mutations

You do not eat.
Your natural rate of healing is unusually fast.
You have razor-sharp teeth.
You have supernaturally acute eyesight. (SInv)
You can survive without breathing.


Message History

A blink frog comes into view.
The blink frog closely misses you.
Something barely misses your bullfrog zombie.
Your bullfrog zombie hits the seven-headed hydra!
You slash the blink frog! You burn the blink frog.
You kill the blink frog!
Kikubaaqudgha accepts your kill. Something hits your bullfrog zombie!
Your bullfrog zombie hits the seven-headed hydra!
You feel yourself speed up.
The blink frog blinks!
The seven-headed hydra bites you!
* * * LOW HITPOINT WARNING * * *
The seven-headed hydra bites you but does no damage.
The seven-headed hydra bites you!
* * * LOW HITPOINT WARNING * * *
The seven-headed hydra bites you!
* * * LOW HITPOINT WARNING * * *
The seven-headed hydra bites you!
You die...
Kikubaaqudgha rasps: "You have failed me!
Welcome... death!"

## .## ..# ... #.#
.### ##.# ...#
#..######.#.#
#@##...≈...##
#D#.F≈≈≈≈≈≈.##
#.Z.≈≈≈≈≈≈≈..##
#.≈≈≈≈≈≈≈≈≈≈≈.# .##
#§.≈≈≈.≈≈≈≈≈≈.. D.
#####F≈≈≈≈F<.≈≈≈≈#
..#
#...#.≈≈≈≈F≈≈≈≈≈≈# ..
###...#..≈≈≈≈≈≈≈≈≈≈#
## ###.
#........≈≈≈≈≈≈≈≈≈..#


You could see a seven-headed hydra, 2 blink frogs and a friendly bullfrog
zombie.

Vanquished Creatures
  Snorg (D:12)
  Erica (D:10)
  A two-headed ogre (D:10)
  Psyche (D:11)
  A troll (D:10)
  Grinder (D:6)
  5 hippogriffs
  A blink frog (Lair:1)
  A wraith (D:12)
  5 yaks (D:8)
  2 wyverns
  A steam dragon (D:8)
  A basilisk (D:8)
  4 porcupines (D:8)
  3 ice beasts
  3 orc warriors
  A necrophage (D:8)
  7 ogres
  3 centaurs (D:12)
  2 crocodiles (D:8)
  7 big kobolds
  6 bullfrogs
  2 wyvern skeletons
  3 scorpions
  8 killer bees
  2 crimson imps
  5 howler monkeys
  A centaur zombie (D:10)
  A quasit (D:6)
  3 bullfrog skeletons
  A bullfrog zombie (D:8)
  4 orc priests
  7 hounds
  3 jellies
  13 orc wizards
  5 worker ants
  Terence (D:2)
  4 iguanas
  4 worker ant zombies
  14 adders
  3 river rats (Sewer)
  2 shadow imps
  4 oozes
  2 adder skeletons
  2 worms (Sewer)
  3 dart slugs
  4 leopard geckos
  54 orcs
  11 bats
  6 giant cockroaches
  8 goblins
  3 hobgoblins
  8 jackals
  27 kobolds
  3 quokkas
  4 ball pythons
  5 frilled lizards
  8 rats
  A bush (D:6)
297 creatures vanquished.

Vanquished Creatures (others)
  A bush (D:8)
  4 fungi (D:8)
  13 plants (D:8)
18 creatures vanquished.

Grand Total: 315 creatures vanquished

Notes
Turn   | Place    | Note
-------+----------+-------------------------------------------
     0 | D:1      | MrRokkomies the Vampire Gladiator began the quest for the
                  | Orb.
     0 | D:1      | Reached XP level 1. HP: 16/16 MP: 1/1
   133 | D:1      | Reached XP level 2. HP: 22/22 MP: 2/2
   512 | D:2      | Reached XP level 3. HP: 21/28 MP: 3/3
   545 | D:2      | Reached skill level 4 in Long Blades
   621 | D:2      | Reached XP level 4. HP: 35/35 MP: 4/4
   723 | D:2      | Noticed Terence
   731 | D:2      | Killed Terence
   972 | D:3      | Reached XP level 5. HP: 41/41 MP: 5/5
  1281 | D:3      | Reached skill level 5 in Long Blades
  1569 | D:3      | You fall into a shaft and drop 2 floors!
  1569 | D:5      | Entered Level 5 of the Dungeon
  1681 | D:5      | Reached XP level 6. HP: 46/48 MP: 6/6
  1886 | D:4      | Found an iron altar of Okawaru.
  1961 | D:4      | Reached skill level 5 in Fighting
  2023 | D:4      | Got a scorched dagger
  2024 | D:4      | Identified the +12 dagger of Guolixt {flame, +Rage} (You
                  | found it on level 4 of the Dungeon)
  2033 | D:4      | Reached skill level 6 in Long Blades
  2033 | D:4      | Reached XP level 7. HP: 56/56 MP: 7/7
  2101 | D:4      | Found a glowing golden altar of the Shining One.
  2331 | D:5      | Found an ornate altar of the Wu Jian Council.
  2331 | D:5      | Found a hazy altar of Hepliaklqana.
  2536 | D:6      | Found a glowing drain.
  2540 | D:6      | Found an opulent altar of Gozag.
  2565 | Sewer    | Entered a sewer
  3078 | D:6      | Reached skill level 7 in Long Blades
  3093 | D:6      | Found a hide-covered altar of Uskayaw.
  3102 | D:6      | Reached XP level 8. HP: 64/64 MP: 8/8
  3179 | D:6      | Noticed Grinder
  3188 | D:6      | Killed Grinder
  3192 | D:6      | Reached skill level 8 in Long Blades
  3364 | D:6      | Found a radiant altar of Vehumet.
  3406 | D:6      | Found a blossoming altar of Fedhas.
  3730 | D:7      | Reached XP level 9. HP: 53/74 MP: 7/9
  3766 | D:7      | Found a staircase to the Ecumenical Temple.
  3774 | Temple   | Entered the Ecumenical Temple
  3829 | Temple   | Became a worshipper of Kikubaaqudgha
  3862 | D:7      | Found a glowing silver altar of Zin.
  3960 | D:7      | Reached skill level 9 in Long Blades
  4559 | D:8      | Found a sacrificial altar of Ru.
  4636 | D:8      | Found a staircase to the Lair.
  4650 | D:8      | Reached * piety under Kikubaaqudgha
  4650 | D:8      | Identified Kikubaaqudgha's Collected Works on Black Secrets
                  | (Kikubaaqudgha gifted it to you on level 8 of the Dungeon)
  4650 | D:8      | Received a gift from Kikubaaqudgha
  4650 | D:8      | Reached skill level 10 in Long Blades
  4687 | D:8      | Learned a level 2 spell: Corpse Rot
  4708 | D:8      | Reached skill level 1 in Necromancy
  5268 | D:8      | Reached XP level 10. HP: 61/83 MP: 10/10
  5762 | D:9      | Reached ** piety under Kikubaaqudgha
  6242 | D:10     | Entered Level 10 of the Dungeon
  6242 | D:10     | Noticed a two-headed ogre
  6250 | D:10     | Killed a two-headed ogre
  6250 | D:10     | Reached skill level 10 in Fighting
  6250 | D:10     | Reached skill level 11 in Long Blades
  6362 | D:10     | Noticed Erica
  6374 | D:10     | Killed Erica
  6405 | D:10     | Reached skill level 5 in Necromancy
  6688 | D:10     | Found a staircase to the Orcish Mines.
  6986 | D:11     | Reached skill level 12 in Long Blades
  6986 | D:11     | Reached XP level 11. HP: 75/90 MP: 11/11
  7066 | D:11     | You fall into a shaft and drop 1 floor!
  7119 | D:12     | Noticed Snorg
  7133 | D:12     | Killed Snorg
  7226 | D:12     | Reached *** piety under Kikubaaqudgha
  7226 | D:12     | Identified Kikubaaqudgha's Disquisition on Evil Rites
                  | (Kikubaaqudgha gifted it to you on level 12 of the Dungeon)
  7226 | D:12     | Received a gift from Kikubaaqudgha
  7353 | D:11     | Noticed Psyche
  7359 | D:11     | Noticed a death knight
  7361 | D:11     | Noticed a phantasmal warrior
  7363 | D:11     | Noticed a skeletal warrior
  7368 | D:11     | Killed Psyche
  7450 | D:11     | Learned a level 4 spell: Animate Dead
  7454 | D:11     | Learned a level 3 spell: Regeneration
  7864 | Lair:1   | Entered Level 1 of the Lair of Beasts
  7913 | Lair:1   | Noticed a seven-headed hydra
  7939 | Lair:1   | HP: 3/90 [seven-headed hydra (10)]
  7939 | Lair:1   | Mangled by a seven-headed hydra

Levels and vault maps discovered:
D:1:      dpeg_arrival_chase, layout_rooms
D:2:      layout_basic, uniq_terence
D:3:      layout_basic, grunt_decor_fettered, grunt_ministairs_9
D:4:      layout_rooms, okawaru_trees_1, nicolae_tso_carved_into_rock
D:5:      layout_basic, gammafunk_temple_overflow_elements, first_ration,
          minmay_liquid_box
D:6:      layout_basic, nicolae_overflow_hidden_temple, fedhas_altar_1,
          nicolae_overflow_crystal_walls, overflow_temple_1_default,
          gup_sewer_entry_glass, lexackson_kobold_supper, uniq_grinder
D:7:      layout_basic, lemuel_doored_altar, minmay_temple_entry_waves,
          grunt_ogre_cave, due_unseen_surprise
D:8:      layout_gridville, overflow_temple_1_default, minmay_lair_entry_grove
D:9:      layout_basic, serial_co_window_serial, co_window_paths_a,
          co_window_corner_a, co_window_paths_b, co_window_paths_b,
          co_window_cross_1, co_window_of_opportunity_b, co_window_cross_2,
          co_window_corner_ca, co_window_broadway_c, co_window_paths_c,
          co_window_unsneaky_path_b, co_window_2corner, co_window_paths_d,
          co_window_4corner_b, glass_columns_a, glass_columns_b
D:10:     layout_basic, orc_0_dummy, uniq_erica
D:11:     layout_basic, uniq_psyche
D:12:     layout_gridville, uniq_snorg
Temple:   nicolae_temple_x_marks_the_god
Lair:1:   beast_lair_carwin_large_3, layout_loops_ring, st_stairs_13,
          infiniplex_staircase_pool_2

Skill      XL: |  1  2  3  4  5  6  7  8  9 10 11 |
---------------+----------------------------------+-----
Fighting       | 2 3 4 5 6 7 9 10 | 10.1
Long Blades    | 4 5 6 7 8 10 12 | 12.6
Necromancy     | 1 6 7 |  7.9
Throwing       | |  1.5
Dodging        | |  3.2

Action                   |  1- 3 |  4- 6 |  7- 9 | 10-12 || total
-------------------------+-------+-------+-------+-------++-------
Melee: Long sword        |    85 |    12 |       |       ||    97
       Bite              |    13 |    18 |    25 |    32 ||    88
       Dagger            |       |   155 |   374 |   338 ||   867
       Scimitar          |       |       |       |     1 ||     1
Throw: Boomerang         |       |     3 |     1 |     6 ||    10
       Dart              |       |     3 |       |       ||     3
       Throwing net      |       |       |       |     8 ||     8
 Cast: Animate Dead      |       |       |       |     2 ||     2
Invok: Receive Corpses   |       |       |       |     1 ||     1
Evoke: Wand              |       |       |       |     1 ||     1
  Use: Scroll            |     4 |     4 |    10 |     2 ||    20
       Potion            |       |     1 |       |     1 ||     2
 Stab: Sleeping          |     1 |       |       |       ||     1
       Held in net/web   |       |       |       |     5 ||     5
Armor: Leather armour    |     4 |       |       |       ||     4
       Scale mail        |    45 |    67 |   147 |   110 ||   369
       Robe              |       |       |       |     1 ||     1
Dodge: Dodged            |    81 |    71 |   158 |   153 ||   463
       Rpst.: Long sword |    32 |       |       |       ||    32

Table legend:
 A = Non-vault XP
 B = Vault XP
 C = Vault XP percentage of total XP
 D = Non-vault monster count
 E = Vault monster count
 F = Vault count percentage of total count
                 A         B        C        D         E       F
            +---------+---------+-------+---------+---------+-------
      Total |    9666 |    5588 |  36.6 |     240 |      56 |  18.9
            +---------+---------+-------+---------+---------+-------
        D:1 |      30 |       0 |   0.0 |      13 |       0 |   0.0
        D:2 |      89 |      36 |  28.8 |      26 |       1 |   3.7
        D:3 |      65 |      94 |  59.1 |      23 |       6 |  20.7
        D:4 |     346 |       0 |   0.0 |      13 |       0 |   0.0
        D:5 |      87 |       0 |   0.0 |       4 |       0 |   0.0
        D:6 |     787 |     419 |  34.7 |      26 |      11 |  29.7
        D:7 |     998 |     113 |  10.2 |      30 |       1 |   3.2
        D:8 |    1333 |    2047 |  60.6 |      20 |      13 |  39.4
        D:9 |    1221 |       0 |   0.0 |      28 |       0 |   0.0
       D:10 |    2877 |     950 |  24.8 |      31 |       1 |   3.1
       D:11 |     809 |     418 |  34.1 |      14 |       1 |   6.7
       D:12 |     797 |    1095 |  57.9 |      11 |       1 |   8.3
     Lair:1 |     227 |       0 |   0.0 |       1 |       0 |   0.0
      Sewer |       0 |     416 | 100.0 |       0 |      21 | 100.0
            +---------+---------+-------+---------+---------+-------
